 Dungeon Crawl Stone Soup version 0.29-a0-577-gafbf2c5d25 (webtiles) character file.

Game seed: 15912914774020707198

468 zishaf the Shooter (level 6, -2/76 HPs)
             Began as a Demigod Wanderer on June 13, 2022.
             Slain by an orc
             ... wielding a +2 vorpal hand axe
              (7 damage)
             ... on level 5 of the Dungeon.
             The game lasted 00:07:04 (3919 turns).

zishaf the Shooter (Demigod Wanderer)               Turns: 3919, Time: 00:07:05

Health: -2/76      AC: 12    Str: 17    XL:     6   Next: 51%
Magic:  11/11      EV: 11    Int: 20    God:
Gold:   208        SH:  0    Dex: 11    Spells: 5/9 levels left

rFire   . . .      SeeInvis .   b - +1 broad axe
rCold   + + .      Faith    .   (no shield)
rNeg    . . .      Spirit   .   e - +0 leather armour
rPois   .          Reflect  .   u - +1 helmet
rElec   +          Harm     .   (no cloak)
rCorr   .          Rampage  +   n - +1 pair of gloves
Will    +....                   f - +0 pair of boots "Jenaw" {Rampage rElec rC+ Will+}
Stlth   ..........              (no amulet)
HPRegen 0.22/turn               t - +4 ring of protection
MPRegen 0.12/turn               s - ring of protection from cold

@: berserking, very quick
A: high MP 1, forlorn, divine attributes
a: no special abilities


You were on level 5 of the Dungeon.
You visited 1 branch of the dungeon, and saw 5 of its levels.

You collected 208 gold pieces.

Inventory:

Hand Weapons
 a - a +2 shortbow
 b - a +1 broad axe (weapon)
 c - a +0 dagger
Missiles
 j - 8 boomerangs (quivered)
Armour
 e - a +0 leather armour (worn)
 f - the +0 pair of boots "Jenaw" (worn) {Rampage rElec rC+ Will+}
   (You acquired it on level 4 of the Dungeon)

   rC:        It protects you from cold.
   rElec:     It insulates you from electricity.
   Rampage:   It bestows one free step when moving towards enemies.
   Will:      It increases your willpower.
 n - a +1 pair of gloves (worn)
 u - a +1 helmet (worn)
Jewellery
 l - a +6 ring of strength
 s - a ring of protection from cold (right hand)
 t - a +4 ring of protection (left hand)
Scrolls
 h - a scroll of vulnerability
 i - a scroll of blinking
 o - a scroll of teleportation
Potions
 g - 4 potions of curing {unknown}
 k - 4 potions of attraction
 m - a potion of mutation {unknown}
 p - a potion of haste {unknown}
 v - a potion of degeneration {unknown}
 x - a potion of flight {unknown}


   Skills:
 + Level 3.6 Fighting
 + Level 1.4 Axes
 - Level 5.0 Bows
 - Level 1.7 Throwing
 - Level 2.0 Spellcasting
 + Level 3.6 Air Magic


You had 5 spell levels left.
You knew the following spells:

 Your Spells              Type           Power      Damage    Failure   Level
a - Shock                 Conj/Air       36%        1d5       10%         1
b - Swiftness             Air            16%        N/A       13%         3

Your spell library contained the following spells:

 Spells                   Type           Power      Damage    Failure   Level
 Ensorcelled Hibernation  Hex/Ice        4%         N/A       28%         2
 Passwall                 Tmut/Erth      1%         N/A       28%         2
 Portal Projectile        Hex/Tloc       4%         N/A       50%         3
 Tukima's Dance           Hex            2%         N/A       50%         3
 Blade Hands              Tmut           1%         N/A       99%         5


Dungeon Overview and Level Annotations

Branches:
Dungeon (5/15)             Temple (0/1) D:4

Annotations:
D:3 dig ring


Innate Abilities, Weirdness & Mutations

You have an increased reservoir of magic. (+10% MP)
You shall have no god before yourself.
Your divine heritage dramatically boosts your attributes as you level up.


Message History

The jelly barely misses you.
You hit the orc priest but do no damage.
The orc priest is heavily wounded.
You slash the jelly!
Your hands burn!
The jelly hits you but does no damage.
The orc priest hits you but does no damage.
You hit the orc priest but do no damage.
The orc priest is heavily wounded.
You hit the jelly.
You kill the jelly!
The orc priest closely misses you. The orc closely misses you.
The orc priest mumbles some strange prayers to Beogh against you.
Pain shoots through your body!
Training target 5.0 for Bows reached!
Your Bows skill increases to level 5!
You barely miss the orc priest.
The orc priest is heavily wounded.
You closely miss the orc. The orc hits you but does no damage.
The orc priest mumbles some strange prayers to Beogh against you.
Beogh smites you!
* * * LOW HITPOINT WARNING * * *
Unknown command.
You completely miss the orc priest.
The orc priest is heavily wounded.
You barely miss the orc. The orc priest barely misses you.
The orc hits you but does no damage.
The orc hits you with a +2 vorpal hand axe.
* * * LOW HITPOINT WARNING * * *
x2 The orc priest barely misses you.
A red film seems to cover your vision as you go berserk!
You feel yourself moving faster!
You feel mighty! The orc hits you but does no damage.
The orc priest barely misses you.
You slash the orc priest!
You kill the orc priest!
You hit the orc. You closely miss the orc.
The orc is almost dead.
You slash the orc!
You kill the orc!
The orc hits you with a +2 vorpal hand axe!
You die...

.#......#,..,,#..........#..##...
.#......#,.J.,#####...[..#..##...
.#......#,..o.*#..#......#..#....
.'......#,...o##..#......'..'....
.#......#,,,o.....#......######'#
.#......#,,,,,....#..............
##......########..#..............
.#......#.....###)#..............
.'......'......#@o#..............
.#......#......'..'......####....
.#......########..#......# #####
.#......#.....##..#......#
##......#.........#......#####
........#.........#..........#
........#.........'..........#
..####'##.....##..#>.........#
..#....##.....##..#..........#


You could see an orc.

Vanquished Creatures
  An ice beast (D:5)
  An ogre (D:5)
  A howler monkey (D:5)
  An orc priest (D:5)
  A jelly (D:5)
  An iguana (D:5)
  An orc wizard (D:5)
  A gnoll (D:1)
  3 adders
  A white imp (D:5)
  A worm (D:4)
  7 dart slugs
  3 orcs
  14 ball pythons
  5 bats
  5 endoplasms
  4 giant cockroaches
  4 goblins
  7 hobgoblins
  2 jackals (D:1)
  6 quokkas
  2 frilled lizards (D:3)
  4 kobolds
  9 rats
85 creatures vanquished.

Vanquished Creatures (others)
  7 plants (D:1)
7 creatures vanquished.

Grand Total: 92 creatures vanquished

Notes
Turn   | Place    | Note
-------+----------+-------------------------------------------
     0 | D:1      | zishaf the Demigod Wanderer began the quest for the Orb.
     0 | D:1      | zishaf set off with the following items: a +2 shortbow, 8
                  | boomerangs, a +0 dagger, a potion of berserk rage, a +0
                  | leather armour; and the following spell memorised: Shock;
                  | and the following spells available to memorise: Swiftness
     0 | D:1      | Reached XP level 1. HP: 16/16 MP: 4/4
   313 | D:1      | Reached XP level 2. HP: 23/23 MP: 5/5
   475 | D:1      | Reached skill level 4 in Bows
   665 | D:1      | Reached XP level 3. HP: 29/29 MP: 6/6
   669 | D:1      | Learned a level 3 spell: Swiftness
  1717 | D:2      | You fall into a shaft and drop 1 floor!
  2033 | D:3      | Reached XP level 4. HP: 37/37 MP: 8/8
  2668 | D:4      | Identified a scroll of acquirement
  2668 | D:4      | Acquired the +0 pair of boots "Jenaw" {Rampage rElec rC+
                  | Will+}
  3014 | D:4      | Found a staircase to the Ecumenical Temple.
  3368 | D:5      | Entered Level 5 of the Dungeon
  3381 | D:5      | Reached XP level 5. HP: 44/44 MP: 10/10
  3383 | D:5      | Noticed an ice beast
  3397 | D:5      | Killed an ice beast
  3799 | D:5      | Noticed an ogre
  3806 | D:5      | Killed an ogre
  3807 | D:5      | Reached skill level 1 in Axes
  3807 | D:5      | Reached XP level 6. HP: 46/51 MP: 11/11
  3915 | D:5      | Reached skill level 5 in Bows
  3919 | D:5      | Slain by an orc

Illustrated notes

Levels and vault maps discovered:
D:1:      roderic_crossed_star, layout_basic,
          shapermc_ecumenical_altar_acropolis, serial_bayou_pond_b
D:2:      layout_basic, minivault_19, minmay_misc_feat_iff,
          minmay_misc_feat_diagonals
D:3:      layout_rooms, minmay_statues_item, minmay_misc_feat_roman,
          chequers_avenue, kennysheep_generic_room_9
D:4:      layout_basic, minmay_temple_entry_sparse_star, uniq_menkaure
D:5:      layout_gridville, elyvilon_altar_4, lemuel_doored_altar

Skill      XL: |  1  2  3  4  5  6 |
---------------+-------------------+-----
Air Magic      | 2 3 |  3.6
Bows           | 4 5 |  5.0
Fighting       | 2 3 |  3.6
Spellcasting   | 2 |  2.0
Axes           | 1 |  1.4
Throwing       | |  1.7

Action                   |  1- 3 |  4- 6 || total
-------------------------+-------+-------++-------
Melee: Broad axe         |       |    34 ||    34
 Fire: Shortbow          |   136 |    75 ||   211
  Use: Scroll            |       |    14 ||    14
       Potion            |       |     1 ||     1
Armor: Leather armour    |    18 |    34 ||    52
Dodge: Dodged            |    51 |    32 ||    83

Table legend: (Time is in decaauts)
 A = Elapsed time spent in this place.
 B = Non-inter-level travel time spent in this place.
 C = Inter-level travel time spent in this place.
 D = Time resting spent in this place.
 E = Time spent auto-exploring this place.
 F = Levels seen in this place.
 G = Mean time per level.
                   A        B        C        D        E       F      G
               +--------+--------+--------+--------+--------+-----+--------+
         Total |   4003 |   3830 |    173 |      0 |   3220 |   5 |  800.6 |
       Dungeon |   4003 |   3830 |    173 |      0 |   3220 |   5 |  800.6 |
               +--------+--------+--------+--------+--------+-----+--------+

Top non-repeatable levels by time:
     D:1: 1257 daAuts
     D:2: 805 daAuts
     D:4: 749 daAuts
     D:3: 617 daAuts
     D:5: 573 daAuts
